 Dungeon Crawl Stone Soup version 0.31-a0-232-gb1c03b2570 (webtiles) character file.

Game seed: 10779179726234900441

634997 CornPuffBuddha the Conqueror (level 27, -4/273 HPs)
             Began as a Hill Orc Fighter on July 6, 2023.
             Was the Champion of the Shining One.
             Slain by a red draconian
             ... wielding a +0 trident
              (14 damage)
             ... on level 5 of the Realm of Zot on July 7, 2023.
             The game lasted 03:15:47 (64755 turns).

CornPuffBuddha the Conqueror (Hill Orc Fighter)    Turns: 64755, Time: 03:15:48

Health: -4/273     AC: 53    Str: 41    XL:     27
Magic:  29/45      EV: 10    Int:  8    God:    the Shining One [******]
Gold:   2646       SH:  0    Dex:  6    Spells: 26/26 levels left

rFire   + + .        t - +9 executioner's axe (holy)
rCold   . . .        (shield currently unavailable)
rNeg    + + +        c - +10 plate armour {rF+}
rPois   +            P - +2 helmet
rElec   .            l - +2 cloak {rPois}
rCorr   +            u - +1 pair of gloves "Ruurey" {+Inv rF+ rCorr}
SInv    .            Y - +5 pair of boots "Sazouq" {rPois rF+}
Will    ++...        L - amulet of regeneration Stlth
                     f - ring of the Baking Saviour {+Blink rCorr MP+9 Str+2}
HPRegen 1.45/turn    F - +6 ring of strength
MPRegen 0.29/turn

%: no passive effects
@: mighty, lethally poisoned (-4 -> -4), hasted, glowing, studying 2 skills,
unable to read, very quick
A: iridescent scales 1, clumsy 2, low MP 1, poison resistance, heat
vulnerability 1, inability to read after injury 1, noise suppression, devolution
1
}: 4/15 runes: serpentine, barnacled, silver, abyssal
a: Renounce Religion, Evoke Blink, Evoke Invisibility, Divine Shield, Cleansing
Flame, Summon Divine Warrior


You were on level 5 of the Realm of Zot.
You worshipped the Shining One.
The Shining One was exalted by your worship.
You visited 11 branches of the dungeon, and saw 51 of its levels.
You visited the Abyss 5 times.
You also visited: Sewer, Bailey and Volcano.

You collected 8247 gold pieces.
You spent 5601 gold pieces at shops.

Inventory:

Hand Weapons
 t - a +9 executioner's axe of holy wrath (weapon)
 W - a +1 war axe of flaming
Missiles
 d - 52 poisoned darts
 I - 7 throwing nets
 Z - 16 curare-tipped darts (quivered)
Armour
 a - a +2 pair of gloves
 c - a +10 plate armour of fire resistance (worn)
 l - a +2 cloak of poison resistance (worn)
 u - the +1 pair of gloves "Ruurey" (worn) {+Inv rF+ rCorr}
   (You bought it in a shop on level 3 of the Vaults)

   rF:        It protects you from fire.
   +Inv:      It lets you turn invisible.
   rCorr:     It protects you from acid and corrosion.
 P - a +2 helmet (worn)
 Y - the +5 pair of boots "Sazouq" (worn) {rPois rF+}
   (You found it on level 2 of the Lair of Beasts)

   rF:        It protects you from fire.
   rPois:     It protects you from poison.
Jewellery
 f - the ring of the Baking Saviour (left hand) {+Blink rCorr MP+9 Str+2}
   (You found it on level 5 of the Lair of Beasts)

   [ring of resist corrosion]

   Str:       It affects your strength (+2).
   MP:        It affects your magic capacity (+9).
   +Blink:    It lets you blink.
   rCorr:     It protects you from acid and corrosion.
 n - a ring of wizardry
 F - a +6 ring of strength (right hand)
 L - an amulet of regeneration (around neck)
Wands
 j - a wand of acid (18)
 q - a wand of mindburst (41)
 s - a wand of digging (36)
 w - a wand of polymorph (34)
 y - a wand of flame (89)
 H - a wand of charming (31)
 Q - a wand of iceblast (33)
Scrolls
 e - 19 scrolls of teleportation
 g - 10 scrolls of immolation
 i - 5 scrolls of revelation
 m - 11 scrolls of fog
 r - 10 scrolls of enchant weapon
 x - 8 scrolls of noise
 E - 9 scrolls of fear
 J - 3 scrolls of brand weapon
 K - 13 scrolls of amnesia
 T - 3 scrolls of silence
 V - 9 scrolls of poison
Potions
 h - 5 potions of invisibility
 k - 5 potions of berserk rage
 o - 9 potions of attraction
 p - a potion of cancellation
 A - 8 potions of brilliance
 B - 14 potions of enlightenment
 G - 8 potions of resistance
 M - 4 potions of haste
 N - 12 potions of ambrosia
 O - 7 potions of might
 R - 13 potions of curing
 S - 5 potions of magic
Miscellaneous
 b - a phantom mirror
 z - a sack of spiders (inert)
 U - a lightning rod (4/4)


   Skills:
 O Level 27 Fighting
 O Level 27 Axes
 + Level 21.1 Throwing
 O Level 27 Armour
 - Level 3.2 Shields
 O Level 27 Invocations
 - Level 8.1 Evocations


You had 26 spell levels left.
You didn't know any spells.
Your spell library contained the following spells:

 Spells                   Type           Power      Damage    Failure   Level
 Beastly Appendage        Tmut           0%         N/A       67%         1
 Foxfire                  Conj/Fire      0%         2x1d4     67%         1
 Freeze                   Ice            0%         1d3       67%         1
 Magic Dart               Conj           0%         1d3       67%         1
 Necrotise                Necr           0%         1d4       67%         1
 Sandblast                Erth           0%         2d4       67%         1
 Slow                     Hex            0%         N/A       67%         1
 Summon Small Mammal      Summ           0%         N/A       67%         1
 Blink                    Tloc           0%         N/A       80%         2
 Call Imp                 Summ           0%         N/A       80%         2
 Cigotuvi's Dreadful Rot  Necr/Pois/Air  0%         N/A       80%         2
 Lesser Beckoning         Tloc           0%         N/A       80%         2
 Passwall                 Tmut/Erth      0%         N/A       80%         2
 Poisonous Vapours        Pois/Air       0%         N/A       80%         2
 Scorch                   Fire           0%         2d5       80%         2
 Searing Ray              Conj           0%         2d4       80%         2
 Static Discharge         Conj/Air       0%         2-2/arc   80%         2
 Sublimation of Blood     Necr           0%         N/A       80%         2
 Wereblood                Tmut           0%         N/A       80%         2
 Call Canine Familiar     Summ           0%         N/A       95%         3
 Confusing Touch          Hex            0%         N/A       95%         3
 Dazzling Flash           Conj/Hex       0%         N/A       95%         3
 Frozen Ramparts          Ice            0%         1d1       95%         3
 Gell's Gravitas          Tloc           0%         N/A       95%         3
 Hailstorm                Conj/Ice       0%         3d3       95%         3
 Ignite Poison            Fire/Tmut/Pois 0%         N/A       95%         3
 Inner Flame              Hex/Fire       0%         N/A       95%         3
 Mephitic Cloud           Conj/Pois/Air  0%         N/A       95%         3
 Ozocubu's Armour         Ice            0%         N/A       95%         3
 Portal Projectile        Hex/Tloc       0%         N/A       95%         3
 Spider Form              Tmut/Pois      0%         N/A       95%         3
 Stone Arrow              Conj/Erth      0%         3d7       95%         3
 Summon Guardian Golem    Hex/Summ       0%         N/A       95%         3
 Teleport Other           Tloc           0%         N/A       95%         3
 Tukima's Dance           Hex            0%         N/A       95%         3
 Vampiric Draining        Necr           0%         2d6       95%         3
 Volatile Blastmotes      Fire/Tloc      0%         2d10      95%         3
 Airstrike                Air            0%         2d(0-16)  100%        4
 Animate Armour           Summ/Erth      0%         N/A       100%        4
 Flame Wave               Conj/Fire      0%         2d4       100%        4
 Fulminant Prism          Conj/Hex       0%         3d5       100%        4
 Ice Form                 Ice/Tmut       0%         N/A       100%        4
 Iskenderun's Mystic Bla  Conj/Tloc      0%         2d3       100%        4
 Leda's Liquefaction      Hex/Erth       0%         N/A       100%        4
 Manifold Assault         Tloc           0%         N/A       100%        4
 Olgreb's Toxic Radiance  Pois           0%         N/A       100%        4
 Passage of Golubria      Tloc           0%         N/A       100%        4
 Petrify                  Tmut/Erth      0%         N/A       100%        4
 Summon Lightning Spire   Summ/Air       0%         N/A       100%        4
 Agony                    Necr           0%         N/A       100%        5
 Alistair's Intoxication  Tmut/Pois      0%         N/A       100%        5
 Blade Hands              Tmut           0%         N/A       100%        5
 Borgnjor's Vile Clutch   Necr/Erth      0%         N/A       100%        5
 Freezing Cloud           Conj/Ice/Air   0%         6-21      100%        5
 Lee's Rapid Deconstruct  Erth           0%         3d4*      100%        5
 Metabolic Englaciation   Hex/Ice        0%         N/A       100%        5
 Silence                  Hex/Air        0%         N/A       100%        5
 Summon Forest            Summ/Tloc      0%         N/A       100%        5
 Summon Mana Viper        Hex/Summ       0%         N/A       100%        5
 Yara's Violent Unravell  Hex/Tmut       0%         3d3       100%        5
 Conjure Ball Lightning   Conj/Air       0%         3x3d6     100%        6
 Eringya's Noxious Bog    Tmut/Pois      0%         4d6       100%        6
 Leda's Unmaking          Conj/Erth      0%         9d1       100%        6
 Simulacrum               Ice/Necr       0%         N/A       100%        6
 Starburst                Conj/Fire      0%         6d3       100%        6
 Statue Form              Tmut/Erth      0%         N/A       100%        6
 Summon Cactus Giant      Summ           0%         N/A       100%        6
 Enfeeble                 Hex            0%         N/A       100%        7
 Monstrous Menagerie      Summ           0%         N/A       100%        7
 Ozocubu's Refrigeration  Ice            0%         4d7       100%        7
 Storm Form               Tmut/Air       0%         N/A       100%        7
 Summon Hydra             Summ           0%         N/A       100%        7
 Discord                  Hex            0%         N/A       100%        8
 Disjunction              Tloc           0%         N/A       100%        8
 Ignition                 Fire           0%         3d3       100%        8
 Lehudib's Crystal Spear  Conj/Erth      0%         10d2      100%        8
 Death's Door             Necr           0%         N/A       100%        9
 Polar Vortex             Ice            0%         N/A       100%        9


Dungeon Overview and Level Annotations

Branches:
Dungeon (15/15)            Temple (1/1) D:6            Lair (5/5) D:10
 Shoals (4/4) Lair:3        Snake (4/4) Lair:2        Slime (0/5) Lair:4
    Orc (2/2) D:9             Elf (3/3) Orc:2        Vaults (5/5) D:13
  Crypt (3/3) Vaults:2       Tomb (0/3) Crypt:3      Depths (4/4) D:15
    Zot (5/5) Depths:4      Sewer (visited)          Bailey (visited)
Volcano (visited)

Altars:
Ashenzari
Cheibriados
Dithmenos
Elyvilon
Fedhas
Gozag
Hepliaklqana
Kikubaaqudgha
Makhleb
Nemelex Xobeh
Okawaru
Qazlal
Ru
Sif Muna
Trog
Uskayaw
Vehumet
Wu Jian
Xom
Yredelemnul
Zin
The Shining One
Beogh
Jiyva
Lugonu

Shops:
D:2 =   D:6 =   D:11 :   D:13 !   Orc:2 [**?([   Elf:1 [   Elf:3 :[
Snake:1 ![=   Snake:2 :   Vaults:1 :   Vaults:2 *   Vaults:3 *[   Depths:1 [:=!
Depths:4 *

Portals:
Hell: Depths:1 Depths:2 Depths:3 Depths:4
Abyss: D:11 Depths:3
Pandemonium: Depths:1 Depths:2 Depths:4
Ziggurat: Depths:1


Innate Abilities, Weirdness & Mutations

You are partially covered in iridescent scales. (AC +2)
You are very clumsy. (Dex -4)
Your magical capacity is low. (-10% MP)
Your system is resistant to poisons. (rPois)
You are vulnerable to heat. (rF-)
You occasionally lose the ability to read scrolls when taking damage.
You passively dampen the noise of your surroundings.
You have hidden genetic defects.


Message History

The electric golem misses your quicksilver dragon.
The electric golem hits your quicksilver dragon.
The electric golem shocks your quicksilver dragon!!
Your quicksilver dragon dies!
Your quicksilver dragon's corpse dissolves into shadows!
Your wind drake begins repelling missiles!
You feel very mighty all of a sudden.
You feel sick. The red draconian closely misses you.
The purple draconian hits you but does no damage.
The electric golem hurls lightning at you.
The bolt of lightning hits you!!!
You feel threatened and lose the ability to read scrolls!
* * * LOW HITPOINT WARNING * * *
Okay, then.
Aiming: Charm
Press: ? - help, Q - select action, (/) - cycle Shift-Dir - straight line, f - purple draconian, p - red draconian
Aim: a purple draconian, wielding a +2 halberd of venom and wearing a +6 ring of intelligence (haloed, chance to affect: 0%)
Okay, then.
You reach into the sack... ...and things crawl out!
The orb of fire passes through a web.
The sack is emptied!
You feel yourself speed up.
You feel sick.
The Killer Klown tickles your wind drake with a +12 club!!
Your wind drake bites the Killer Klown.
The electric golem hurls lightning at you.
The bolt of lightning hits you.
* * * LOW HITPOINT WARNING * * *
The purple draconian hits you but does no damage.
The red draconian breathes fire at you.
The searing blast hits you but does no damage.
The Killer Klown hits your wind drake with a +12 club!!
Your wind drake dies!
Your wind drake's corpse dissolves into shadows!
The Killer Klown shouts!
You are momentarily dazzled by a brilliant light.
You feel sick.
The electric golem hurls lightning at you.
The bolt of lightning hits you!
* * * LOW HITPOINT WARNING * * *
The red draconian hits you with a +0 trident!
You die...

,,,**,,,,,,,................**
,,***,,,,,,,..*..............*
*** *,,,^,,,..........^......*
**,,,^,,.....*..........▓*
***,^,,..^.....d....^.▓*
****,......q)......▓*
#▓▓▓▓▓▓▓▓▓▓▓##)...8▓▓
###..^.....§s9..).....##
##....##...A.@*d...^....##
####..^###.......d..........##
......###........s..^........#
.....## #......p^............#
.....# #............^.......#
....## #....................#
....# #........)...........#
^...## #.................)..#
.....# *#.....).)..........##


You could see an orb of fire (ally target), a Killer Klown, an electric golem
(ally target), a purple draconian, a red draconian (catching breath, ally
target), a friendly angel (summoned), a friendly redback (summoned) and a
friendly scorpion (summoned).

Vanquished Creatures
  4 ancient liches
  3 dread liches
  6 orbs of fire
  Mara (Shoals:3)
  Boris (Crypt:1)
  Parghit (Zot:2)
  Vv (Zot:1)
  Bai Suzhen (Crypt:3)
  2 curse toes (Zot:4)
  5 Killer Klowns
  A caustic shrike (Depths:3)
  4 golden dragons
  A profane servitor (Abyss:3)
  5 bone dragons
  2 electric golems
  3 doom hounds (Zot:4)
  16 tentacled monstrosities
  11 Orb Guardians (Zot:5)
  Asterion (Depths:1)
  10 liches
  A walking divine tome (Depths:2)
  Grunn (Zot:4)
  3 deep elf blademasters
  4 titans
  9 quicksilver dragons
  5 tentacled starspawn
  2 deep elf master archers (Elf:3)
  5 krakens
  6 tengu reavers
  14 death cobs
  13 storm dragons
  3 sphinxes
  Roxanne (Shoals:1)
  12 shadow dragons
  The ghost of freelancePsychic the Fighter, an adept DgAr (Shoals:3)
  A revenant (Crypt:1)
  4 draconian monks
  2 nagarajas
  6 draconian knights
  2 daevas (Abyss:3)
  9 fire giants
  3 deep elf sorcerers (Elf:3)
  9 frost giants
  2 iron dragons
  Aizul (Snake:2)
  2 ghost moths
  13 draconian scorchers
  A caustic shrike zombie (Crypt:2)
  15 vault wardens
  2 formless jellyfish
  11 draconian shifters
  4 draconian annihilators
  3 draconian stormcallers
  3 curse skulls
  25 ironbound preservers
  5 ghouls
  2 orc warlords
  A reaper (Crypt:2)
  11 deep elf elementalists (Elf:3)
  10 ironbound thunderhulks
  8 war gargoyles
  13 stone giants
  The ghost of Ylounoac the Severer, a journeyman MiBe of Trog (D:14)
  9 very ugly things
  2 demonspawn black suns (Zot:3)
  2 caustic shrike skeletons (Crypt:3)
  8 vampire knights
  9 deep elf demonologists
  13 red draconians
  5 deep elf annihilators
  9 green draconians
  15 black draconians
  7 white draconians
  20 starcursed masses
  11 yellow draconians
  7 dire elephants
  12 purple draconians
  3 eidola
  A mummy priest (Crypt:3)
  13 ettins
  7 deep elf death magi
  5 spark wasps
  4 merfolk javelineers
  2 jiangshi (Crypt:3)
  Josephine (Lair:4)
  13 yaktaur captains
  3 crystal guardians
  4 rakshasas
  4 deep elf high priests
  9 fire dragons
  9 great orbs of eyes
  A spriggan zombie (Crypt:3)
  3 entropy weavers
  3 hydras
  3 merfolk impalers
  4 ice dragons
  35 vault guards
  7 salamander tyrants (Snake:4)
  2 spriggan skeletons
  9 anacondas
  3 ogre magi
  7 peacekeepers
  6 merfolk avatars
  4 boulder beetles
  2 spriggan air magi (Depths:2)
  An alligator snapping turtle (shapeshifter) (Vaults:5)
  15 naga warriors
  2 alligator snapping turtles (Shoals:4)
  7 merfolk aquamancers
  Erica (Lair:2)
  26 centaur warriors
  3 catoblepae (Lair:5)
  29 dancing weapons
  13 ironbound frosthearts
  3 death knights
  2 satyrs
  6 deep troll shamans
  5 hell hogs
  11 death yaks
  14 two-headed ogres
  6 vampire magi
  7 deep troll earth magi
  7 tengu warriors
  6 shock serpents
  29 hell knights
  Urug (D:13)
  12 thrashing horrors
  2 spriggan berserkers
  13 naga sharpshooters
  Nergalle (D:11)
  A storm dragon zombie (Crypt:3)
  23 deep elf knights
  An iron troll (Depths:3)
  3 soul eaters
  4 shadow wraiths
  7 wretched stars
  7 skysharks
  A death drake (shapeshifter) (Vaults:4)
  An anaconda zombie (Crypt:3)
  52 deep trolls
  A spatial maelstrom (Abyss:4)
  2 glowing orange brains
  A storm dragon skeleton (Crypt:1)
  An iron giant zombie (Crypt:2)
  2 sixfirhies (Abyss:3)
  4 salamander mystics (Snake:4)
  10 sea snakes
  2 shadow demons
  16 skeletal warriors
  4 flayed ghosts
  A bog body (Crypt:2)
  A glowing orange brain (shapeshifter) (D:13)
  7 naga ritualists
  A kraken simulacrum (Shoals:4)
  Pikel (D:6)
  A lindwurm (Vaults:2)
  18 deep elf archers
  28 ironbound convokers
  A bunyip skeleton (Crypt:3)
  9 necromancers
  6 phantasmal warriors
  14 harpies
  15 orc knights
  40 deep elf pyromancers
  11 wizards
  30 deep elf zephyrmancers
  19 fauns
  9 mana vipers
  A mana viper (shapeshifter) (Depths:2)
  24 cyclopes
  An iron dragon zombie (Crypt:2)
  28 ugly things
  An oklob plant (D:10)
  Maurice (D:10)
  18 manticores
  An orc sorcerer (Elf:2)
  22 moths of wrath
  A worldbinder (Abyss:4)
  17 salamanders
  5 merfolk sirens
  21 vault sentinels
  17 elephants
  42 black mambas
  6 water nymphs
  16 naga magi
  2 dire elephant zombies
  8 smoke demons
  7 guardian serpents
  A stone giant skeleton (Abyss:3)
  5 gargoyles
  15 cane toads
  A torpor snail (shapeshifter) (Vaults:5)
  3 unseen horrors
  An unseen horror (shapeshifter) (D:14)
  8 komodo dragons
  3 kobold demonologists (D:11)
  A minotaur zombie (Crypt:1)
  22 yaktaurs
  A naga skeleton (Abyss:4)
  4 freezing wraiths
  A redback zombie (Crypt:1)
  2 alligator snapping turtle skeletons
  2 rime drakes
  2 tormentors
  5 tengu conjurers
  A meliai (shapeshifter) (Elf:2)
  2 polar bears
  2 red devils
  A hornet (D:10)
  31 merfolk
  3 ancient zymes (Abyss:4)
  A green draconian skeleton (Crypt:2)
  4 trolls
  5 wind drakes
  2 harpy zombies
  A queen bee (D:11)
  2 hornets (shapeshifter)
  Prince Ribbit (D:6)
  A death drake skeleton (Crypt:2)
  3 harpy skeletons
  3 blink frogs (Lair:2)
  17 dream sheep
  13 snapping turtles
  An ettin zombie (Vaults:3)
  8 raiju (Abyss:3)
  A jumping spider (Vaults:1)
  A blink frog (shapeshifter) (D:13)
  16 slime creatures
  A slime creature (shapeshifter) (Vaults:3)
  18 wraiths
  A centaur simulacrum (Crypt:2)
  4 ynoxinuls
  4 air elementals
  An ettin skeleton (Vaults:3)
  3 shadows
  A black mamba zombie (Crypt:1)
  8 large abominations
  5 spriggans (Bailey)
  Sigmund (D:4)
  An ice dragon skeleton (Crypt:2)
  12 wyverns
  Eustachio (D:6)
  9 vampires
  A black mamba skeleton (Crypt:3)
  19 water elementals
  A yak (shapeshifter) (D:11)
  48 yaks
  A hog (shapeshifter) (D:15)
  11 fire elementals
  2 basilisks
  A golden eye (Abyss:3)
  16 humans (D:13)
  6 steam dragons
  4 redbacks
  4 neqoxecs
  2 redbacks (shapeshifter)
  A fire bat zombie (Crypt:2)
  5 chaos spawn
  An alligator snapping turtle simulacrum (Crypt:2)
  A harpy simulacrum (Abyss:3)
  9 vampire mosquitoes
  8 wargs
  A human zombie (Vaults:3)
  A naga zombie (Crypt:1)
  37 nagas
  A demonspawn zombie (Crypt:3)
  18 water moccasins
  4 acid dragons
  2 hell hounds (Volcano)
  A deep troll skeleton (Crypt:1)
  Edmund (D:5)
  3 ice beasts
  41 orc warriors
  A cane toad skeleton (Crypt:2)
  2 black bears (D:8)
  14 ogres
  6 boggarts
  10 wolves (Lair:1)
  A lemure (D:6)
  7 centaurs
  2 phantoms
  Blork the orc (D:4)
  7 kobold brigands
  17 bullfrogs
  A gnoll sergeant (D:7)
  3 necrophages
  2 earth elementals (Elf:2)
  A scorpion (D:5)
  A glowing shapeshifter simulacrum (Vaults:3)
  9 wights
  A yak zombie (Crypt:2)
  30 killer bees
  A vampire bat (Lair:5)
  2 howler monkeys
  5 electric eels
  7 small abominations
  A crimson imp (Abyss:3)
  2 lava snakes (Lair:2)
  A wolf skeleton (Crypt:2)
  A centaur zombie (Crypt:1)
  3 hounds
  2 jellies
  13 orc priests
  Ijyb (D:5)
  22 orc wizards
  2 sleepcaps (D:6)
  3 iguanas
  2 hell rats (Lair:1)
  Robin (D:2)
  15 adders
  8 gnolls
  14 river rats
  2 white imps
  5 ufetubi
  A worm zombie (Crypt:1)
  2 worms
  3 dart slugs
  81 orcs
  6 endoplasms
  9 giant cockroaches
  11 goblins
  7 hobgoblins
  2 jackals
  33 kobolds
  3 quokkas
  15 ball pythons
  17 bats
  5 frilled lizards
  5 rats
  A rat skeleton (Crypt:2)
  A rat zombie (Crypt:2)
  2 spectral weapons (Depths:1)
  5 starspawn tentacles
  15 tentacles
2411 creatures vanquished.

Vanquished Creatures (collateral kills)
  An ancient lich (Crypt:3)
  Margery (Crypt:3)
  3 Orb Guardians (Zot:5)
  A lich (Vaults:5)
  A quicksilver dragon (Vaults:5)
  A draconian shifter (Zot:4)
  A vault warden (Vaults:5)
  2 draconian stormcallers
  A purple draconian (Zot:1)
  2 white draconians (Zot:5)
  2 hell knights (Crypt:3)
  A red devil (Crypt:3)
  A wraith (Crypt:3)
  2 shadows (Crypt:3)
20 creatures vanquished.

Vanquished Creatures (others)
  A boggart (D:15)
  A kobold (D:10)
  11 starspawn tentacles
  52 tentacles
65 creatures vanquished.

Grand Total: 2496 creatures vanquished

Notes
Turn   | Place    | Note
-------+----------+-------------------------------------------
     0 | D:1      | CornPuffBuddha the Hill Orc Fighter began the quest for the
                  | Orb.
     0 | D:1      | Reached XP level 1. HP: 19/19 MP: 1/1
   268 | D:1      | Reached XP level 2. HP: 26/26 MP: 2/2
  1013 | D:2      | Reached XP level 3. HP: 30/31 MP: 3/3
  1313 | D:2      | You fall into a shaft and drop 1 floor!
  1558 | D:2      | Reached skill level 5 in Axes
  1583 | D:2      | Noticed Robin
  1590 | D:2      | Killed Robin
  1594 | D:2      | Reached XP level 4. HP: 26/39 MP: 4/4
  1943 | D:2      | Found Ecamp's Jewellery Emporium.
  2112 | D:3      | Noticed an ogre
  2120 | D:3      | Killed an ogre
  2121 | D:3      | Reached XP level 5. HP: 28/45 MP: 5/5
  2391 | D:3      | Found a snail-covered altar of Cheibriados.
  2399 | D:3      | Found a hazy altar of Hepliaklqana.
  2449 | D:3      | Found a shadowy altar of Dithmenos.
  2456 | D:3      | Found a sacrificial altar of Ru.
  2457 | D:3      | Found a glowing silver altar of Zin.
  2520 | D:3      | Found an ancient bone altar of Kikubaaqudgha.
  2979 | D:4      | Noticed a phantom
  2999 | D:4      | Killed a phantom
  3000 | D:4      | Reached XP level 6. HP: 50/51 MP: 6/6
  3246 | D:4      | Found a sparkling altar of Nemelex Xobeh.
  3348 | D:4      | Identified the +4 ring mail "Ykkuthis" {Regen+}
  3356 | D:4      | Noticed Sigmund
  3361 | D:4      | Killed Sigmund
  3362 | D:4      | Reached XP level 7. HP: 57/57 MP: 7/7
  3530 | D:4      | Noticed Blork the orc
  3538 | D:4      | Killed Blork the orc
  3539 | D:4      | Reached skill level 10 in Axes
  3978 | D:5      | Entered Level 5 of the Dungeon
  4160 | D:5      | Noticed Ijyb
  4169 | D:5      | Killed Ijyb
  4239 | D:5      | Noticed Edmund
  4256 | D:5      | Killed Edmund
  4257 | D:5      | Reached XP level 8. HP: 55/64 MP: 8/8
  4731 | D:5      | Identified 2 scrolls of acquirement
  4754 | D:6      | Acquired a +6 executioner's axe of venom
  4768 | D:6      | Acquired a +1 plate armour of fire resistance
  4821 | D:6      | Noticed Pikel
  4829 | D:6      | Killed Pikel
  4830 | D:6      | Reached XP level 9. HP: 59/70 MP: 9/9
  4894 | D:6      | Reached skill level 15 in Axes
  5145 | D:6      | Found Zyarith's Jewellery Boutique.
  5153 | D:6      | Found a staircase to the Ecumenical Temple.
  5191 | D:6      | Noticed Eustachio
  5194 | D:6      | Found a glowing drain.
  5207 | D:6      | Killed Eustachio
  5214 | Sewer    | Entered a sewer
  5658 | Sewer    | Reached skill level 1 in Throwing
  5973 | D:6      | Noticed Prince Ribbit
  5979 | D:6      | Killed Prince Ribbit
  5980 | D:6      | Reached skill level 5 in Fighting
  6004 | Temple   | Entered the Ecumenical Temple
  6010 | Temple   | Became a worshipper of the Shining One
  6264 | D:6      | Found a basalt altar of Yredelemnul.
  6599 | D:7      | Reached XP level 10. HP: 84/84 MP: 10/10
  6950 | D:7      | Found a bloodstained altar of Trog.
  7010 | D:7      | Found a shimmering blue altar of Sif Muna.
  7304 | D:8      | Reached skill level 5 in Throwing
  7305 | D:8      | Reached * piety under the Shining One
  7516 | D:8      | Found a radiant altar of Vehumet.
  7575 | D:8      | Found an opulent altar of Gozag.
  8564 | D:9      | Identified the ring of Rationality {rPois rC+ Dex-5 SInv}
  8566 | D:9      | Found a staircase to the Orcish Mines.
  8681 | D:9      | Noticed a manticore
  8688 | D:9      | Killed a manticore
  9238 | D:10     | Entered Level 10 of the Dungeon
  9416 | D:10     | Reached XP level 11. HP: 94/97 MP: 11/11
  9554 | D:10     | Found a flagged portal.
  9584 | Bailey   | Entered a bailey
  9624 | Bailey   | Reached ** piety under the Shining One
  9633 | Bailey   | Reached skill level 10 in Fighting
  9643 | Bailey   | Noticed a two-headed ogre
  9666 | Bailey   | Killed a two-headed ogre
  9996 | Bailey   | Identified the +5 rapier of Igred {flame, rPois rCorr Str+3
                  | Int-4}
 10221 | D:10     | Noticed an oklob plant
 10494 | D:10     | Found a staircase to the Lair.
 10556 | D:10     | Noticed Maurice
 10563 | D:10     | Killed Maurice
 10726 | D:10     | Noticed a cyclops
 10746 | D:10     | Killed a cyclops
 11174 | D:10     | Killed an oklob plant
 11320 | D:11     | Noticed Nergalle
 11325 | D:11     | Found a large runed translucent door.
 11325 | D:11     | Found a large runed translucent door.
 11325 | D:11     | Found a corrupted altar of Lugonu.
 11325 | D:11     | Noticed a white ugly thing
 11325 | D:11     | Noticed a cyan ugly thing
 11332 | D:11     | Killed Nergalle
 11333 | D:11     | Reached XP level 12. HP: 101/112 MP: 12/12
 11345 | D:11     | Identified the +6 dagger "Zavuex" {distort, Will+ rCorr}
 11741 | D:11     | Acquired a manual of Fighting
 11780 | D:11     | Identified the +0 scale mail "Ahokin" {Dex+4}
 11803 | D:11     | Found Kiarghub's Book Boutique.
 11886 | D:11     | Noticed a two-headed ogre
 11891 | D:11     | Killed a two-headed ogre
 12049 | D:11     | Found a one-way gate to the infinite horrors of the Abyss.
 12105 | D:11     | Reached *** piety under the Shining One
 12114 | D:11     | Found a hide-covered altar of Uskayaw.
 12767 | Lair:1   | Entered Level 1 of the Lair of Beasts
 12824 | Lair:1   | Reached skill level 15 in Fighting
 12866 | Lair:1   | Found a dark tunnel.
 12876 | Volcano  | Entered a volcano
 13032 | Volcano  | Reached XP level 13. HP: 115/137 MP: 13/13
 13141 | Volcano  | Identified the +7 arbalest "Uzoffo" {heavy, Str+5}
 14867 | Lair:2   | Noticed Erica
 14875 | Lair:2   | Killed Erica
 14876 | Lair:2   | Reached skill level 1 in Invocations
 14890 | Lair:2   | Found a staircase to the Snake Pit.
 14890 | Lair:2   | Reached **** piety under the Shining One
 15412 | Lair:2   | Identified the +5 pair of boots "Sazouq" {rPois rF+}
 15988 | Lair:3   | Reached skill level 5 in Armour
 16233 | Lair:3   | Found a staircase to the Shoals.
 16294 | Lair:3   | You fall into a shaft and drop 2 floors!
 16294 | Lair:5   | Entered Level 5 of the Lair of Beasts
 16325 | Lair:5   | Reached skill level 5 in Invocations
 16329 | Lair:5   | Reached XP level 14. HP: 121/151 MP: 16/18
 16785 | Lair:5   | Identified the ring of the Baking Saviour {+Blink rCorr
                  | MP+9 Str+2}
 17215 | Lair:4   | Identified the +1 robe of Sazomam {Harm}
 17219 | Lair:4   | Found a glowing silver altar of Zin.
 17234 | Lair:4   | Noticed Josephine
 17244 | Lair:4   | Killed Josephine
 17841 | D:6      | Bought a +6 ring of strength for 504 gold pieces
 18040 | Lair:4   | Found a staircase to the Slime Pits.
 18040 | Lair:4   | Found a viscous altar of Jiyva.
 19133 | Lair:5   | Reached ***** piety under the Shining One
 19229 | Lair:5   | Reached XP level 15. HP: 121/158 MP: 22/22
 19592 | Orc:1    | Entered Level 1 of the Orcish Mines
 19607 | Orc:1    | Reached skill level 10 in Invocations
 19707 | D:12     | Identified the +3 dagger "Onyn" {heavy, rElec SInv}
 20790 | Abyss:2  | Cast into level 2 of the Abyss (kobold demonologist)
 20925 | Abyss:2  | Reached skill level 10 in Armour
 20970 | Abyss:2  | Noticed a tentacled starspawn
 20979 | Abyss:2  | Killed a tentacled starspawn
 21006 | D:11     | Escaped the Abyss
 21085 | D:13     | Noticed Urug
 21085 | D:13     | Found a gate to the Vaults.
 21335 | D:13     | Found a glowing golden altar of the Shining One.
 21351 | D:13     | Killed Urug
 21893 | D:13     | Found Ahoarut's Distillery.
 21901 | D:13     | Bought a potion of heal wounds for 70 gold pieces
 21901 | D:13     | Bought a potion of curing for 42 gold pieces
 21901 | D:13     | Bought a potion of heal wounds for 70 gold pieces
 21902 | D:13     | Acquired 921 gold pieces
 22393 | D:14     | Found a transporter.
 22403 | D:14     | Found a transporter.
 22611 | D:14     | Found a stormy altar of Qazlal.
 23208 | D:14     | Noticed Ylounoac's ghost (journeyman MiBe)
 23273 | D:15     | Entered Level 15 of the Dungeon
 23427 | D:15     | Reached XP level 16. HP: 138/167 MP: 23/23
 23501 | D:15     | Found a staircase to the Depths.
 23531 | D:15     | Found a blossoming altar of Fedhas.
 23600 | D:15     | Found a shadowy altar of Dithmenos.
 23843 | D:15     | Reached ****** piety under the Shining One
 24523 | Orc:2    | Entered Level 2 of the Orcish Mines
 24524 | Orc:2    | Found Kieriaj's Antique Armour Shop.
 24586 | Orc:2    | Bought a cloak for 112 gold pieces
 24646 | Orc:2    | Found Viloir's Overcharged Wands.
 24811 | Orc:2    | Found a roughly hewn altar of Beogh.
 24887 | Orc:2    | Found a staircase to the Elven Halls.
 24987 | Orc:2    | Found Zato's Weapon Shop.
 25023 | Orc:2    | Bought 2 curare-tipped darts for 28 gold pieces
 25027 | Orc:2    | Found Bodwaqum's Magic Scroll Emporium.
 25095 | Orc:2    | Bought a scroll of identify for 30 gold pieces
 25095 | Orc:2    | Bought a scroll of poison for 60 gold pieces
 25095 | Orc:2    | Bought a scroll of fear for 60 gold pieces
 25095 | Orc:2    | Bought a scroll of enchant armour for 112 gold pieces
 25095 | Orc:2    | Bought a scroll of enchant armour for 112 gold pieces
 25322 | Orc:2    | Found Araes's General Store.
 25326 | Orc:2    | Found Dedoisas's Armour Emporium.
 25364 | Orc:2    | Bought a scroll of identify for 30 gold pieces
 25364 | Orc:2    | Bought a scroll of identify for 30 gold pieces
 25364 | Orc:2    | Bought a +2 cloak for 247 gold pieces
 25364 | Orc:2    | Bought 3 scrolls of blinking for 337 gold pieces
 25364 | Orc:2    | Bought a potion of heal wounds for 75 gold pieces
 25754 | Orc:2    | Bought a pair of glowing gloves for 187 gold pieces
 25804 | Orc:2    | Bought a wand of digging (11) for 693 gold pieces
 25873 | Orc:2    | Bought a scroll of vulnerability for 60 gold pieces
 26073 | Snake:1  | Entered Level 1 of the Snake Pit
 26648 | Snake:1  | Found Zohaxue's Jewellery Shop.
 26651 | Snake:1  | Found Vowaff's Armour Boutique.
 26653 | Snake:1  | Found Osaatt's Distillery.
 26661 | Snake:1  | Bought a potion of berserk rage for 80 gold pieces
 26661 | Snake:1  | Bought a potion of lignification for 48 gold pieces
 26844 | Snake:2  | Noticed a nagaraja
 26852 | Snake:2  | Killed a nagaraja
 26872 | Snake:2  | Found Wet Dysu's Book Shop.
 26999 | Snake:2  | Noticed Aizul
 27005 | Snake:2  | Killed Aizul
 27087 | Snake:2  | Reached XP level 17. HP: 175/176 MP: 26/26
 27356 | Snake:2  | Reached skill level 15 in Armour
 27514 | Snake:2  | Found a glowing silver altar of Zin.
 27711 | Snake:1  | Bought a +2 cloak of poison resistance for 259 gold pieces
 29922 | Snake:4  | Entered Level 4 of the Snake Pit
 30542 | Snake:4  | Reached XP level 18. HP: 87/189 MP: 27/27
 30749 | Snake:4  | Got a serpentine rune of Zot
 31489 | Shoals:1 | Entered Level 1 of the Shoals
 31496 | Shoals:1 | Noticed Roxanne
 31502 | Shoals:1 | Killed Roxanne
 33224 | Shoals:3 | Found a runed translucent gate.
 33226 | Shoals:3 | Found a runed translucent gate.
 33229 | Shoals:3 | Noticed freelancePsychic's ghost (adept DgAr)
 33239 | Shoals:3 | HP: 9/192 [faun/sling bullet (5)]
 33255 | Shoals:3 | Found a blossoming altar of Fedhas.
 33605 | Shoals:3 | Noticed Mara
 33610 | Shoals:3 | Noticed CornPuffBuddha's illusion
 33630 | Shoals:3 | Found a runed translucent gate.
 33656 | Shoals:3 | Killed freelancePsychic's ghost
 33871 | Shoals:3 | Noticed CornPuffBuddha's illusion
 33884 | Shoals:3 | Killed Mara
 33885 | Shoals:3 | Reached XP level 19. HP: 126/204 MP: 28/28
 34114 | Shoals:4 | Entered Level 4 of the Shoals
 34178 | Shoals:4 | Identified the +9 sling of Prudence {antimagic, Dex-3 SInv
                  | Stlth+}
 35043 | Shoals:4 | Identified the +3 hand axe of Duic Watunu {venom, Str+3}
 35135 | Shoals:4 | Reached skill level 27 in Fighting
 35149 | Shoals:4 | Identified the staff "Domu" {rF+ Int+3 Dex+3 Fire}
 35205 | Shoals:4 | Got a barnacled rune of Zot
 36159 | Elf:1    | Entered Level 1 of the Elven Halls
 36384 | Elf:1    | Got the Opusculum on Production
 36657 | Elf:1    | Paralysed by an air elemental for 1 turns
 37240 | Elf:1    | Found Acobre's Antique Armour Emporium.
 37506 | Elf:2    | Reached XP level 20. HP: 183/216 MP: 29/29
 37854 | Elf:2    | Paralysed by an air elemental for 1 turns
 38006 | Elf:2    | Found a runed translucent gate.
 38007 | Elf:2    | Found a runed translucent gate.
 38007 | Elf:2    | Found a runed translucent gate.
 38354 | D:14     | Killed Ylounoac's ghost
 38363 | D:14     | Identified the +1 helmet of the Loofah {Rampage Str-2 Int+7
                  | Stlth-}
 38469 | Vaults:1 | Entered Level 1 of the Vaults
 39046 | Vaults:1 | Found a transporter.
 39046 | Vaults:1 | Found Dorgh's Book Shop.
 39081 | Vaults:1 | Found a transporter.
 39684 | Vaults:1 | Identified the +0 robe "Cairhin" {Regen+ Dex+3}
 40222 | Vaults:2 | Found Pokhlas's General Store.
 40229 | Vaults:2 | Bought a potion of might for 72 gold pieces
 40262 | Vaults:2 | Reached XP level 21. HP: 210/224 MP: 30/30
 40575 | Vaults:2 | Identified the +5 triple crossbow of Anguish {penet,
                  | *Corrode rElec rF+}
 41122 | Vaults:2 | Found a staircase to the Crypt.
 41659 | Vaults:3 | Found Pezol's Armour Emporium.
 41661 | Vaults:3 | Found Mich's Assorted Antiques.
 41666 | Vaults:3 | You fall into a shaft and drop 1 floor!
 41907 | Abyss:3  | Cast into level 3 of the Abyss (a wizard)
 42205 | Vaults:4 | Escaped the Abyss
 42276 | Abyss:3  | Found a corrupted altar of Lugonu.
 42276 | Abyss:3  | Cast into level 3 of the Abyss (vault warden)
 42285 | Abyss:3  | Noticed a bone dragon
 42286 | Abyss:3  | Reached XP level 22. HP: 153/233 MP: 31/31
 42290 | Abyss:3  | Noticed a profane servitor
 42299 | Abyss:3  | Killed a profane servitor
 42308 | Vaults:4 | Escaped the Abyss
 42664 | Vaults:4 | Reached skill level 27 in Armour
 42913 | Vaults:4 | Found a transporter.
 42956 | Vaults:4 | Found a transporter.
 43863 | Vaults:3 | Bought a pair of slimy gloves for 370 gold pieces
 43863 | Vaults:3 | Identified the +1 pair of gloves "Ruurey" {+Inv rF+ rCorr}
                  | (You bought it in a shop on level 3 of the Vaults)
 43962 | Vaults:3 | Identified the +0 pair of boots of Miotumipn {rF+}
 44682 | Vaults:4 | Identified a +9 executioner's axe of holy wrath (a +9
                  | executioner's axe of venom blessed by the Shining One)
 44682 | Vaults:4 | Received a gift from the Shining One
 44743 | Vaults:5 | Entered Level 5 of the Vaults
 44767 | Vaults:5 | Noticed an ancient lich
 44778 | Vaults:5 | Killed an ancient lich
 44828 | Vaults:5 | Reached skill level 15 in Invocations
 45034 | Vaults:5 | Got a silver rune of Zot
 45095 | Vaults:5 | Identified the +1 ring mail of the Cricket {rElec rC-
                  | Regen+ Int+3}
 45121 | Vaults:5 | Identified the +2 robe "Kony" {rC- Regen+ Slay+4 SInv}
 45171 | Vaults:5 | Reached XP level 23. HP: 240/240 MP: 35/35
 45485 | Vaults:5 | Noticed a dread lich
 45487 | Vaults:5 | Killed a dread lich
 45491 | Vaults:5 | Identified the +6 glaive "Eshruoni" {flame, rPois}
 45497 | Vaults:5 | Paralysed by a sphinx for 4 turns
 45676 | Abyss:4  | Cast into level 4 of the Abyss (a deep elf demonologist)
 45734 | Vaults:5 | Escaped the Abyss
 45937 | Vaults:5 | Identified the +1 robe of Agar {rF+ Will+ Stlth+}
 46063 | Vaults:5 | Got the Precepts of the Sandy Charnel House
 46092 | Vaults:5 | Identified the +0 leather armour of Absence {Harm Str-3
                  | Slay+2}
 46119 | Vaults:5 | Reached skill level 10 in Throwing
 47102 | Elf:3    | Entered Level 3 of the Elven Halls
 47312 | Elf:3    | Found Kuwuoqoo's Armour Emporium.
 47728 | Elf:3    | Found Xoytosh's Book Emporium.
 47797 | Elf:3    | Identified the +9 halberd "Qum Ylib" {flame, Contam +Blink
                  | Str+5}
 47839 | Elf:3    | Reached XP level 24. HP: 246/249 MP: 36/36
 47879 | Elf:3    | Found the +3 giant club "Skullcrusher" {speed, Str+7}
 47887 | Elf:3    | Identified the +3 trident "Upekotok" {flame, Dex+6}
 47895 | Elf:3    | Gained mutation: You are weak. (Str -2) [a cacodemon]
 47902 | Abyss:4  | Cast into level 4 of the Abyss (a deep elf demonologist)
 47946 | Abyss:4  | Found a hazy altar of Hepliaklqana.
 48064 | Abyss:4  | Gained mutation: Armour fits poorly on your strangely
                  | shaped body. [a neqoxec]
 48166 | Abyss:4  | Paralysed by accursed screaming for 1 turns
 48212 | Abyss:4  | Got an abyssal rune of Zot
 48227 | Elf:3    | Escaped the Abyss
 48258 | Elf:3    | Lost mutation: Armour fits poorly on your strangely shaped
                  | body. [potion of mutation]
 48258 | Elf:3    | Lost mutation: You are weak. (Str -2) [potion of mutation]
 48258 | Elf:3    | Gained mutation: You are clumsy. (Dex -2) [potion of
                  | mutation]
 48258 | Elf:3    | Gained mutation: Your system is resistant to poisons.
                  | (rPois) [potion of mutation]
 48258 | Elf:3    | Gained mutation: You are robust. (+10% HP) [potion of
                  | mutation]
 48258 | Elf:3    | Gained mutation: You passively dampen the noise of your
                  | surroundings. [potion of mutation]
 48297 | Elf:3    | Identified the +1 pair of gloves "Jeyceota" {Stlth+}
 48742 | Crypt:1  | Entered Level 1 of the Crypt
 48912 | Crypt:1  | Reached skill level 15 in Throwing
 49392 | Crypt:1  | Noticed Boris
 49399 | Crypt:1  | Killed Boris
 50205 | Crypt:3  | Entered Level 3 of the Crypt
 50525 | Crypt:3  | Identified the +2 dagger "String" {heavy, Fragile rElec
                  | Str+2}
 50615 | Crypt:3  | Noticed Bai Suzhen
 50660 | Crypt:3  | Killed Bai Suzhen
 50664 | Crypt:3  | Paralysed by a vampire knight for 4 turns
 50788 | Crypt:3  | Found a staircase to the Tomb.
 50812 | Crypt:3  | Identified the ring of Hard Scrabble {rF++ rC+ Will+ Str-5
                  | SInv}
 50830 | Crypt:3  | Noticed an ancient lich
 50835 | Crypt:3  | Killed an ancient lich
 50978 | Crypt:3  | Identified the +9 dagger "Nynoxuah" {antimagic, Fly}
 51004 | Crypt:3  | Noticed Margery
 51019 | Crypt:3  | Killed Margery
 51020 | Crypt:3  | Reached XP level 25. HP: 256/282 MP: 36/36
 51264 | Crypt:3  | Found an ancient bone altar of Kikubaaqudgha.
 51266 | Crypt:3  | Noticed an ancient lich
 51273 | Crypt:3  | Killed an ancient lich
 51400 | Crypt:3  | Identified the +9 demon trident "Zuaphe" {venom, rElec
                  | rPois rC+++ Int-3}
 52008 | Depths:1 | Entered Level 1 of the Depths
 52017 | Depths:1 | Found a broken altar of Ashenzari.
 52069 | Depths:1 | Found Ahus's Book Emporium.
 52071 | Depths:1 | Found Coesomema's Distillery.
 52071 | Depths:1 | Found Ymefiy's Antique Armour Emporium.
 52074 | Depths:1 | Found Mosoast's Jewellery Shoppe.
 52107 | Depths:1 | Found a one-way gateway to a ziggurat.
 52129 | Depths:1 | Bought a potion of haste for 160 gold pieces
 52129 | Depths:1 | Bought a potion of heal wounds for 80 gold pieces
 52129 | Depths:1 | Bought a potion of might for 64 gold pieces
 52129 | Depths:1 | Bought a potion of might for 64 gold pieces
 52129 | Depths:1 | Bought a potion of curing for 48 gold pieces
 52129 | Depths:1 | Bought a potion of curing for 48 gold pieces
 52323 | Depths:1 | Noticed Asterion
 52332 | Depths:1 | Killed Asterion
 52441 | Depths:1 | Reached skill level 27 in Axes
 52449 | Depths:1 | Reached skill level 1 in Evocations
 52531 | Depths:1 | Found a gateway to Hell.
 52750 | Depths:1 | Gained mutation: Your magical capacity is low. (-10% MP) [a
                  | neqoxec]
 52763 | Depths:1 | Found a one-way gate leading to the halls of Pandemonium.
 53799 | Depths:2 | Reached skill level 5 in Evocations
 53956 | Depths:2 | Identified the +9 mace of the Conjuring Gods {vamp, Dex+3}
 54434 | Depths:3 | Upgraded the game from 0.31-a0-229-g1fc7ce93e2 to
                  | 0.31-a0-232-gb1c03b2570
 54515 | Depths:3 | Identified the +7 falchion of Terra Nullius {holy, *Noise
                  | Str+3 Int+3}
 55316 | Depths:4 | Entered Level 4 of the Depths
 55557 | Depths:4 | Found a gate to the Realm of Zot.
 55588 | Depths:4 | Found Regh's Assorted Antiques.
 55678 | Depths:4 | Reached XP level 26. HP: 290/292 MP: 33/33
 56713 | Elf:1    | Bought a runed scarf for 296 gold pieces
 56925 | Vaults:3 | Bought a potion of haste for 390 gold pieces
 56925 | Vaults:3 | Bought a potion of resistance for 390 gold pieces
 56925 | Vaults:3 | Bought a scroll of teleportation for 117 gold pieces
 57378 | Zot:1    | Entered Level 1 of the Realm of Zot
 57378 | Zot:1    | Noticed a Killer Klown
 57378 | Zot:1    | Noticed a dread lich
 57381 | Zot:1    | Noticed a Killer Klown
 57381 | Zot:1    | Noticed a Killer Klown
 57387 | Zot:1    | Killed a dread lich
 57391 | Zot:1    | Killed a Killer Klown
 57396 | Zot:1    | Killed a Killer Klown
 57401 | Zot:1    | Killed a Killer Klown
 58125 | Zot:1    | Noticed Vv
 58140 | Zot:1    | Killed Vv
 58238 | Zot:1    | Identified the +7 chain mail of Defence {SInv}
 58857 | Zot:2    | Noticed Parghit
 58866 | Zot:2    | Killed Parghit
 59547 | Zot:2    | Found a transporter.
 60165 | Zot:3    | Reached XP level 27. HP: 236/300 MP: 36/36
 60474 | Zot:3    | Reached skill level 27 in Invocations
 60777 | Zot:3    | Noticed an orb of fire
 60793 | Zot:3    | Gained mutation: You occasionally lose the ability to drink
                  | potions when taking damage. [an orb of fire]
 60799 | Zot:3    | Gained mutation: You are weak. (Str -2) [an orb of fire]
 60803 | Zot:3    | Killed an orb of fire
 60826 | Zot:3    | Lost mutation: Your system is resistant to poisons. (rPois)
                  | [potion of mutation]
 60826 | Zot:3    | Lost mutation: You are robust. (+10% HP) [potion of
                  | mutation]
 60826 | Zot:3    | Gained mutation: Potions are less effective at restoring
                  | your health. [potion of mutation]
 60826 | Zot:3    | Gained mutation: Your flesh is cold resistant. (rC+)
                  | [potion of mutation]
 60827 | Zot:3    | Lost mutation: You are clumsy. (Dex -2) [potion of
                  | mutation]
 60827 | Zot:3    | Lost mutation: Your flesh is cold resistant. (rC+) [potion
                  | of mutation]
 60827 | Zot:3    | Lost mutation: Your magical capacity is low. (-10% MP)
                  | [potion of mutation]
 60827 | Zot:3    | Gained mutation: You are covered in fur. (AC +1) [potion of
                  | mutation]
 60827 | Zot:3    | Gained mutation: You are somewhat resistant to further
                  | mutation. [potion of mutation]
 60855 | Zot:3    | Identified the +5 dagger of Wrath {drain, Fly rElec Dex+5}
 60856 | Zot:3    | Got Baarr's Encyclopedia of The Black Sun
 62263 | Snake:1  | Bought a potion of mutation for 128 gold pieces
 62263 | Snake:1  | Bought a potion of mutation for 128 gold pieces
 62263 | Snake:1  | Lost mutation: Potions are less effective at restoring your
                  | health. [potion of mutation]
 62263 | Snake:1  | Lost mutation: You occasionally lose the ability to drink
                  | potions when taking damage. [potion of mutation]
 62263 | Snake:1  | Gained mutation: Your system is resistant to poisons.
                  | (rPois) [potion of mutation]
 62264 | Snake:1  | Lost mutation: You are covered in fur. (AC +1) [potion of
                  | mutation]
 62264 | Snake:1  | Lost mutation: You are weak. (Str -2) [potion of mutation]
 62264 | Snake:1  | Lost mutation: You are somewhat resistant to further
                  | mutation. [potion of mutation]
 62264 | Snake:1  | Gained mutation: You are partially covered in iridescent
                  | scales. (AC +2) [potion of mutation]
 62885 | Zot:4    | Noticed Grunn
 62898 | Zot:4    | Killed Grunn
 63599 | Zot:5    | Entered Level 5 of the Realm of Zot
 64387 | Zot:5    | Noticed a dread lich
 64388 | Zot:5    | Noticed an orb of fire
 64402 | Zot:5    | Killed an orb of fire
 64403 | Zot:5    | Noticed an orb of fire
 64413 | Zot:5    | Gained mutation: Your magical capacity is low. (-10% MP)
                  | [an orb of fire]
 64414 | Zot:5    | Noticed an orb of fire
 64430 | Zot:5    | Gained mutation: You occasionally lose the ability to read
                  | scrolls when taking damage. [an orb of fire]
 64433 | Zot:5    | Gained mutation: You are clumsy. (Dex -2) [an orb of fire]
 64436 | Zot:5    | Killed an orb of fire
 64444 | Zot:5    | Gained mutation: You are vulnerable to heat. (rF-) [an orb
                  | of fire]
 64448 | Zot:5    | Killed an orb of fire
 64531 | Zot:5    | Noticed an ancient lich
 64554 | Zot:5    | Killed an ancient lich
 64560 | Zot:5    | Noticed a dread lich
 64560 | Zot:5    | Noticed an ancient lich
 64569 | Zot:5    | Killed a dread lich
 64571 | Zot:5    | Killed an ancient lich
 64712 | Zot:5    | Noticed an orb of fire
 64712 | Zot:5    | Noticed an orb of fire
 64728 | Zot:5    | Killed an orb of fire
 64732 | Zot:5    | Noticed an orb of fire
 64734 | Zot:5    | Gained mutation: You have hidden genetic defects. [an orb
                  | of fire]
 64735 | Zot:5    | Gained mutation: You are very clumsy. (Dex -4) [an orb of
                  | fire]
 64736 | Zot:5    | Killed an orb of fire
 64755 | Zot:5    | HP: 10/273 [electric golem/bolt of lightning (15)]
 64755 | Zot:5    | Slain by a red draconian

Illustrated notes

Levels and vault maps discovered:
D:1:      grunt_arrival_lava_bath, layout_loops_corners, minmay_tetromino_t4
D:2:      layout_loops_ring, serial_shops, nicolae_shop_gaudy_bauble, uniq_robin
D:3:      layout_basic, nicolae_kikubaaqudgha_miasma_corner,
          grunt_temple_overflow_open
D:4:      layout_loops_corners, mainiacjoe_overflow_tiny_flanked,
          nicolae_concentric_dashed_squares_wild, uniq_sigmund,
          uniq_blork_the_orc
D:5:      layout_rooms, serial_rivers, chequers_serial_rivers_micro_c,
          chequers_serial_rivers_small_b, chequers_serial_rivers_small_a,
          chequers_serial_rivers_micro_e, chequers_serial_rivers_room_b,
          dk_vineyard_1, st_stairs_5, grunt_decor_fettered,
          kennysheep_generic_room_8, uniq_edmund, uniq_ijyb
D:6:      layout_basic, lemuel_round_altar, minmay_temple_entry_proselytizer,
          serial_shops, nicolae_shop_stone, portal_sewer_entry_a,
          minmay_misc_feat_cross, uniq_prince_ribbit1, uniq_eustachio,
          uniq_pikel
D:7:      layout_gridville, nzn_overflow_gifts_of_might_and_magic,
          minmay_misc_feat_ornament
D:8:      layout_basic, mainiacjoe_overflow_24_doors, grunt_gozag_breadcrumbs
D:9:      layout_cave_pools, orc_0_dummy
D:10:     layout_loops_corners, dpeg_oklobed_lair, enter_bailey_7,
          minmay_fractal_squares_gapless_7, uniq_maurice
D:11:     due_chaos_kobolds, layout_long_grid, serial_shops,
          nicolae_shop_pleasant_corner_grove, special_room [special_room_bee],
          nicolae_uskayaw_dance_studio, uniq_nergalle
D:12:     layout_loops_ring, lemuel_freeze_loot_1
D:13:     layout_stronghold, david_vaults_3, serial_bayou, serial_bayou_lake_a,
          serial_bayou_lagoon_b, serial_bayou_pond_d, serial_bayou_ford_a,
          serial_shops, shop, nicolae_tso_carved_into_rock
D:14:     layout_basic, gammafunk_ghost_berserking_beasts,
          nicolae_qazlal_eye_of_the_storm, nrook_loot_triangle
D:15:     hangedman_depths_entry_civil_slaughter, layout_irregular_city,
          fedhas_altar_1, grunt_dithmenos_shadows
Temple:   hellmonk_temple_micro_hex
Lair:1:   layout_cave_shapes, nicolae_volcano_entry_lava_flow,
          kennysheep_rathole, grunt_megastairs_1
Lair:2:   layout_layer_cave, nicolae_snake_entry_warm_welcome, special_room,
          uniq_erica
Lair:3:   layout_long_grid, elwin_shoals_entry_rocks, guppyfry_lair_drakes,
          grunt_megastairs_4
Lair:4:   layout_roguey, slime_entry_1, basic_altar, beast_lair_carwin_6,
          uniq_josephine
Lair:5:   evilmike_catoblepas_cave, layout_long_grid, roderic_batcave,
          minivault_27
Shoals:1: layout_shoals, uniq_roxanne
Shoals:2: layout_shoals, st_shoals_ruin
Shoals:3: layout_shoals, ebering_ghost_rock_garden, nicolae_shoals_land_atoll,
          lemuel_altar_in_water, st_cyclops, uniq_mara
Shoals:4: shoals_end_grunt_ice, layout_shoals, nicolae_shoals_kraken_party
Snake:1:  layout_gridlike, minmay_shop_star
Snake:2:  layout_gridlike, basic_altar, nicolae_take_the_stairs,
          nicolae_integral_box, lemuel_fruit_tree, uniq_aizul
Snake:3:  layout_layer_cave, nicolae_coiled_stairwell_down
Snake:4:  grunt_snake_rune_pools, layout_misc_corridors, special_room,
          grunt_megastairs_5
Orc:1:    layout_caves
Orc:2:    st_orc_town, layout_caves, serial_shops,
          nicolae_shop_competitors_out_of_business,
          nicolae_shop_overcharged_wands
Elf:1:    layout_loops_corners, serial_shops, shop, minmay_elf_demonology,
          drop_trap
Elf:2:    nicolae_elf_blades_crystal_corner, layout_gridlike
Elf:3:    grunt_elf_hall_asides, layout_geoelf_diagonals, serial_shops, shop,
          nicolae_diamond_shop, serial_sigils_hangedman_carve, minivault_20
Vaults:1: nicolae_vaults_network_periphery, nicolae_vaults_shrinking_rooms_1,
          nicolae_vaults_wine_cellar, nicolae_vaults_security_offices_5,
          nicolae_vaults_trapezoid_1, nicolae_vaults_network_quinsquares
          [nicolae_vaults_network_quincunx_subvault,
          nicolae_vaults_network_quincunx_subvault,
          nicolae_vaults_network_quincunx_subvault,
          nicolae_vaults_network_quincunx_subvault], vaults_mumra_hex,
          nicolae_vaults_storage_closets_2, layout_vaults_chaotic_city,
          serial_shops, nicolae_shop_drivethru
Vaults:2: v_misc_25, v_misc_14, v_pattern_5, nicolae_vaults_little_squares_1,
          nicolae_vaults_inception_scallops, nicolae_vaults_house_3,
          nicolae_vaults_wrenched, nicolae_vaults_windows_and_doors_thing,
          grunt_vaults_focal, nicolae_vaults_tetromino_Z_2,
          blue_anna_dwarven_crypt, v_alt_pattern_6,
          nicolae_vaults_yaktaur_gun_rack, v_misc_23, layout_vaults_ring,
          serial_shops, shop_statue
Vaults:3: ontoclasm_vaults_twist, ontoclasm_vaults_spin,
          nicolae_vaults_little_squares_4, nicolae_vaults_circle_grid_a,
          nicolae_vaults_surprise_closet, v_misc_31, v_pattern_1,
          nicolae_vaults_shrinking_rooms_2,
          vaults_standard_mumra_enter_the_diamond, ontoclasm_vaults_ring_large,
          nicolae_vaults_little_ls, nicolae_vaults_circle_grid_b,
          nicolae_vaults_house_2, vaults_room_door_ring,
          layout_vaults_maze_bifur, serial_shops, shop, shop
Vaults:4: v_pattern_3, nicolae_vaults_ring_of_whatevers,
          nicolae_vaults_trapezoid_3, gammafunk_dig_for_victory,
          nicolae_vaults_doubleplus_tesselated, v_misc_27,
          nicolae_vaults_border_crossing, vaults_mumra_lcd,
          nicolae_vaults_trapezoid_lopsided_1, nicolae_vaults_stepped_doors,
          nicolae_vaults_tetromino_T_1, nicolae_vaults_house_3,
          hangedman_vaults_trim, layout_vaults_omnicross
Vaults:5: serial_shops
Crypt:1:  layout_chaotic_city, weyrava_lich_vault, uniq_boris
Crypt:2:  layout_regular_city, grunt_megastairs_3
Crypt:3:  quadcrypt_mu, uniq_margery, uniq_josephina, uniq_bai_suzhen
Depths:1: layout_gridlike, enter_ziggurat_a, nicolae_ashenzari_skybound,
          rand_demon_pan_entry_4, hell_entry, hangedman_aviary,
          minmay_shoptagon, uniq_asterion
Depths:2: minmay_two_paths, layout_cave_shapes, serial_glass, glass_columns_c,
          glass_columns_b, glass_columns_c, glass_columns_a, glass_columns_a,
          glass_columns_a, hell_entry, pan_entry, serial_sigils_hangedman_stare,
          nicolae_keep_em_comin
Depths:3: nooodl_glass_maze, layout_cave_shapes, hangedman_tar_grid_catacomb,
          minmay_door_square, abyss_entry, kennysheep_four_rooms,
          infiniplex_staircase_zigzag_4
Depths:4: evilmike_zot_entry_diamond, layout_gridlike, serial_shops, shop,
          hell_entry, rand_demon_pan_entry_5, nicolae_triple_integral
Zot:1:    ebering_klown_carousel, layout_basic, uniq_vv
Zot:2:    layout_concentric_octagons, nicolae_diode_basic, uniq_parghit
Zot:3:    dreamdust_black_sun_cult, layout_basic
Zot:4:    layout_basic, grunt_ministairs_1, uniq_grunn
Zot:5:    layout_twisted_circle, st_stairs_2

Skill      XL: |  1  2  3  4  5  6  7  8  9 10 11 12 13 14 15 16 17 18 19 20 21 22 23 24 25 26 27 |
---------------+----------------------------------------------------------------------------------+-----
Axes           | 3 4 5 7 8 9 11 14 16 18 19 20 21 24 25 27 | 27.0
Fighting       | 6 9 12 19 21 23 25 27 | 27.0
Throwing       | 2 6 8 13 16 21 | 21.1
Invocations    | 5 9 10 12 16 18 20 26 27 | 27.0
Armour         | 6 9 11 14 17 18 20 23 26 27 | 27.0
Evocations     | 8 |  8.1
Shields        | |  3.2

Action                     |  1- 3 |  4- 6 |  7- 9 | 10-12 | 13-15 | 16-18 | 19-21 | 22-24 | 25-27 || total
---------------------------+-------+-------+-------+-------+-------+-------+-------+-------+-------++-------
  Melee: War axe           |    94 |    98 |   117 |       |    14 |       |       |       |       ||   323
         Executioner's axe |       |       |   134 |   361 |   569 |   905 |  1015 |  1050 |  1223 ||  5257
         Unarmed           |       |       |       |       |       |       |       |       |     4 ||     4
  Throw: Dart              |       |     8 |    11 |     8 |    13 |     3 |    10 |       |       ||    53
         Javelin           |       |       |       |       |       |       |       |    11 |    44 ||    55
 Invoke: Cleansing Flame   |       |       |       |       |     1 |       |       |       |     4 ||     5
         Divine Shield     |       |       |       |       |       |     1 |       |     2 |     6 ||     9
         Summon Divine War |       |       |       |       |       |       |       |     2 |     7 ||     9
         Brand Weapon With |       |       |       |       |       |       |       |     1 |       ||     1
  Evoke: Wand              |       |       |       |     1 |     6 |       |     3 |     6 |    11 ||    27
         Phantom mirror    |       |       |       |       |       |       |       |     1 |     2 ||     3
    Use: Potion            |       |     1 |       |     3 |     1 |     8 |     2 |     2 |    15 ||    32
         Scroll            |       |     7 |     3 |     6 |    15 |    18 |     8 |     6 |     7 ||    70
 Armour: Scale mail        |    36 |    34 |       |       |       |       |       |       |       ||    70
         Ring mail         |       |       |    36 |       |       |       |       |       |       ||    36
         Plate armour      |       |       |   120 |   249 |   493 |   710 |   953 |   688 |  1072 ||  4285
  Dodge: Dodged            |    51 |    41 |    90 |   103 |   228 |   318 |   426 |   290 |   455 ||  2002
  Block: Buckler           |    18 |    19 |    17 |       |       |       |       |       |       ||    54
         Other             |       |       |       |       |       |     2 |       |    40 |    24 ||    66

Table legend: (Time is in decaauts)
 A = Elapsed time spent in this place.
 B = Non-inter-level travel time spent in this place.
 C = Inter-level travel time spent in this place.
 D = Time resting spent in this place.
 E = Time spent auto-exploring this place.
 F = Levels seen in this place.
 G = Mean time per level.
                   A        B        C        D        E       F      G
               +--------+--------+--------+--------+--------+-----+--------+
         Total |  64478 |  56705 |   7773 |   6237 |  36379 |  60 | 1074.6 |
       Dungeon |  17914 |  15036 |   2878 |   1901 |  10285 |  15 | 1194.3 |
        Temple |     11 |     11 |      0 |      0 |      0 |   1 |   11.0 |
          Lair |   6493 |   5669 |    824 |    502 |   4102 |   5 | 1298.6 |
        Shoals |   4799 |   4573 |    226 |   1033 |   1760 |   4 | 1199.8 |
     Snake Pit |   4869 |   4250 |    619 |    311 |   3018 |   4 | 1217.2 |
  Orcish Mines |   2047 |   1401 |    646 |      0 |   1132 |   2 | 1023.5 |
   Elven Halls |   3594 |   3331 |    263 |    219 |   2342 |   3 | 1198.0 |
        Vaults |   7933 |   6765 |   1168 |    390 |   4625 |   5 | 1586.6 |
         Crypt |   3033 |   2860 |    173 |      0 |   2216 |   3 | 1011.0 |
        Depths |   4713 |   4195 |    518 |    285 |   3099 |   4 | 1178.2 |
           Zot |   6530 |   6077 |    453 |   1119 |   3121 |   5 | 1306.0 |
         Abyss |    874 |    874 |      0 |     35 |    112 |   6 |  145.7 |
         Sewer |    834 |    834 |      0 |     88 |    472 |   1 |  834.0 |
        Bailey |    504 |    504 |      0 |    210 |     83 |   1 |  504.0 |
       Volcano |    323 |    323 |      0 |    143 |      8 |   1 |  323.0 |
               +--------+--------+--------+--------+--------+-----+--------+

Top non-repeatable levels by time:
Vaults:4: 2016 daAuts
    D:10: 1968 daAuts
Vaults:1: 1674 daAuts
  Lair:1: 1647 daAuts
    D:12: 1629 daAuts
    D:11: 1581 daAuts
   Zot:3: 1559 daAuts
 Crypt:3: 1547 daAuts
Vaults:5: 1527 daAuts
Shoals:3: 1497 daAuts
    D:14: 1494 daAuts
  Lair:2: 1482 daAuts
   Orc:2: 1481 daAuts
   Zot:1: 1472 daAuts
 Snake:3: 1465 daAuts
